 Dungeon Crawl Stone Soup version 0.27.1-33-g824d729ab1 (webtiles) character file.

Game seed: 7367640862384996728

155 Holzbalken the Poker (level 5, 0/38 HPs)
             Began as a Demonspawn Gladiator on Nov 30, 2021.
             Slain by a scorpion (4 damage)
             ... on level 4 of the Dungeon.
             The game lasted 00:08:30 (3282 turns).

Holzbalken the Poker (Demonspawn Gladiator)         Turns: 3282, Time: 00:08:30

Health: 0/38       AC: 10    Str: 15    XL:     5   Next: 14%
Magic:  5/5        EV:  7    Int:  9    God:
Gold:   98         SH:  0    Dex: 21    Spells: 4/4 levels left

rFire    . . .     SeeInvis .   a - +0 trident
rCold    . . .     Faith    .   (no shield)
rNeg     . . .     Spirit   .   n - +0 chain mail
rPois    .         Reflect  .   c - +1 helmet
rElec    .         Harm     .   (no cloak)
rCorr    .         Rampage  .   (no gloves)
Will     +....                  (no boots)
Stlth    ..........             (no amulet)
HPRegen  0.12/turn              o - +6 ring of dexterity
MPRegen  0.18/turn              j - ring of willpower

@: lethally poisoned (0 -> 0)
A: talons 1, demonic guardian 1, magic regeneration
a: no special abilities


You were on level 4 of the Dungeon.
You visited 1 branch of the dungeon, and saw 4 of its levels.

You collected 98 gold pieces.

Inventory:

Hand Weapons
 a - a +0 trident (weapon)
 l - a +2 hand axe of pain
Missiles
 d - 3 throwing nets (quivered)
Armour
 b - a +0 leather armour
 c - a +1 helmet (worn)
 n - a +0 chain mail (worn)
Jewellery
 h - a ring of protection from fire
 j - a ring of willpower (right hand)
 o - a +6 ring of dexterity (left hand)
Scrolls
 g - 2 scrolls of torment
 i - a scroll of noise
 m - 2 scrolls of blinking
 p - a scroll of identify
Potions
 e - 4 potions of magic
 f - a potion of curing {unknown}
 k - a potion of attraction {unknown}
 q - a potion of mutation {unknown}


   Skills:
 - Level 2.0 Fighting
 + Level 5.3 Polearms
 - Level 1.7 Throwing
 - Level 2.6 Dodging


You had 4 spell levels left.
You didn't know any spells.
Your spell library contained the following spells:

 Spells                   Type           Power      Damage    Failure   Level
 Animate Skeleton         Necr           0%         N/A       100%        1
 Apportation              Tloc           0%         N/A       100%        1
 Corona                   Hex            0%         N/A       100%        1
 Summon Small Mammal      Summ           0%         N/A       100%        1
 Tukima's Dance           Hex            0%         N/A       100%        3
 Passage of Golubria      Tloc           N/A        N/A       100%        4
 Yara's Violent Unravell  Hex/Tmut       0%         3d3       100%        5


Dungeon Overview and Level Annotations

Branches:
Dungeon (4/15)
 Temple: D:4-7

Altars:
Dithmenos
Wu Jian
The Shining One


Innate Abilities, Weirdness & Mutations

You have sharp toenails.
A weak demonic guardian rushes to your aid.
You regenerate magic rapidly.


Message History

The ball python hisses angrily.
The ball python moves out of view.
You hit the scorpion. You claw the scorpion.
The scorpion is moderately wounded.
The scorpion stings you but does no damage.
You closely miss the scorpion.
The scorpion is moderately wounded.
The scorpion stings you!
You are poisoned.
The scorpion poisons you!
The scorpion stings you but does no damage.
You hit the scorpion but do no damage.
You claw the scorpion, but do no damage.
The scorpion is moderately wounded.
You feel very sick.
The scorpion stings you but does no damage.
You hit the scorpion.
The scorpion is heavily wounded.
You feel very sick. The scorpion stings you.
You are too injured to fight recklessly!
You are too injured to fight recklessly!
You are too injured to fight recklessly!
You feel sick.
You feel sick.
You feel sick.
The ball python bites you but does no damage.
The ball python grabs you. The ball python constricts you.
* * * LOW HITPOINT WARNING * * *
The ball python's grasp on you weakens, but your attempt to escape fails.
You feel sick. The ball python bites you.
* * * LOW HITPOINT WARNING * * *
A demonic guardian appears!
The ball python constricts you.
You escape the ball python's grasp.
You feel sick.
You hit the scorpion.
The scorpion is severely wounded.
You feel sick.
The scorpion stings you but does no damage.
The scorpion stings you.
You die...

,* *,,*****,,,,* *,,*,*,* ,* *,,*
**#..# *..#,*,* ,* *,,* #..#
#..#.#,* ,***,,** #..# #..#.#,*
,,,,,,,* ####!.# #..#.#,** ***
,,,,,,,* #.....# #..#.#,.# *,,
,***,*,* #.##..# #..#.##.###*,*
,* *,#.###..#..#####..#.#.....*,*
,***,.......#.Ss@.........#**,.,*
,*,,,*.##.....5####.ā€ .)...#
*.#,* **,*,#....āŒ .....#
##...##(###.#,*
**,*,#.#.....ā‰ˆ..#
#..##*.....*,,
**,*,*,#....Pā‰ˆ..# #..#
*#..#**** ,,,,,,....#..P..#
#..####..###.. *,,,,....##....##
#.........[..# ,,,,,...#*_##..#
##.......###** *,**,...,##*...#
#####...#####


You could see a scorpion (ally target), a ball python and a friendly shadow imp
(summoned).

Vanquished Creatures
  A jelly (D:4)
  Natasha (D:2)
  An adder (D:4)
  A gnoll (D:1)
  2 worms
  3 dart slugs
  4 orcs (D:3)
  4 ball pythons
  2 bats
  4 endoplasms
  2 giant cockroaches (D:3)
  6 goblins
  4 hobgoblins
  5 jackals (D:2)
  6 kobolds
  3 quokkas
  A quokka skeleton (D:2)
  4 rats
54 creatures vanquished.

Vanquished Creatures (collateral kills)
  A bat (D:3)
1 creature vanquished.

Grand Total: 55 creatures vanquished

Notes
Turn   | Place    | Note
-------+----------+-------------------------------------------
     0 | D:1      | Holzbalken the Demonspawn Gladiator began the quest for the
                  | Orb.
     0 | D:1      | Reached XP level 1. HP: 16/16 MP: 1/1
   108 | D:1      | Reached skill level 3 in Polearms
   108 | D:1      | Gained mutation: A weak demonic guardian rushes to your
                  | aid. [demonic ancestry]
   108 | D:1      | Reached XP level 2. HP: 10/22 MP: 2/2
   673 | D:2      | Gained mutation: You have sharp toenails. [demonic
                  | ancestry]
   673 | D:2      | Reached XP level 3. HP: 14/27 MP: 3/3
   887 | D:2      | Noticed Natasha
   898 | D:2      | Reached skill level 4 in Polearms
   902 | D:2      | Killed Natasha
  1387 | D:2      | Gained mutation: You regenerate magic rapidly. [demonic
                  | ancestry]
  1387 | D:2      | Reached XP level 4. HP: 20/33 MP: 4/4
  2484 | D:3      | Found a shadowy altar of Dithmenos.
  2675 | D:3      | Found an ornate altar of the Wu Jian Council.
  3222 | D:4      | Reached skill level 5 in Polearms
  3260 | D:4      | Reached XP level 5. HP: 33/38 MP: 5/5
  3282 | D:4      | Slain by a scorpion

Illustrated notes

Levels and vault maps discovered:
D:1:      psy_arrival_radial02, layout_rooms, minivault_25
D:2:      layout_basic, uniq_natasha
D:3:      layout_loops_corners, lemuel_doored_altar, nzn_wu_jian_contemplation
D:4:      layout_loops_ring, tso_oasis_becter, grunt_decor_fettered

Skill      XL: |  1  2  3  4 |
---------------+-------------+-----
Polearms       | 3 4 5 |  5.3
Fighting       | |  2.0
Throwing       | |  1.7
Dodging        | |  2.6

Action                   |  1- 3 |  4- 6 || total
-------------------------+-------+-------++-------
Melee: Trident           |    86 |    87 ||   173
       Kick              |    10 |    18 ||    28
  Use: Scroll            |       |     8 ||     8
Armor: Leather armour    |    24 |       ||    24
       Chain mail        |       |    35 ||    35
Dodge: Dodged            |    35 |    21 ||    56
